 Dungeon Crawl Stone Soup version 0.30-a0-737-gf23d94013f (webtiles) character file.

Game seed: 2945799955726325903

28 lessens the Cudgeller (level 3, 21/31 HPs)
             Began as a Meteoran Fighter on Feb 1, 2023.
             Quit the game on level 2 of the Dungeon.
             The game lasted 00:01:03 (584 turns).

lessens the Cudgeller (Meteoran Fighter)             Turns: 584, Time: 00:01:03

Health: 21/31      AC:  6    Str: 25    XL:     3   Next: 47%
Magic:  4/4        EV:  9    Int: 10    God:
Gold:   29         SH:  5    Dex: 13    Spells: 2/2 levels left

rFire   . . .      SeeInvis .    a - +0 flail
rCold   . . .      Faith    .    c - +0 buckler
rNeg    . . .      Spirit   .    b - +0 scale mail
rPois   .          Reflect  .    (no helmet)
rElec   .          Harm     .    (no cloak)
rCorr   .          Rampage  .    (no gloves)
Will    .....                    (no boots) Stlth
                                 (no amulet)
HPRegen 0.25/turn                k - +6 ring of strength
MPRegen 0.09/turn                (no ring)

@: glowing
A: sense surroundings 1, otherworldly, glowing, explore regen
a: no special abilities


You were on level 2 of the Dungeon.
You visited 1 branch of the dungeon, and saw 2 of its levels.

You collected 29 gold pieces.

Inventory:

Hand Weapons
 a - a +0 flail (weapon)
Missiles
 i - 5 javelins (quivered)
Armour
 b - a +0 scale mail (worn)
 c - a +0 buckler (worn)
Jewellery
 k - a +6 ring of strength (left hand)
Scrolls
 g - 2 scrolls of enchant armour {unknown}
 h - a scroll of identify {unknown}
 j - a scroll of acquirement {unknown}
 l - a scroll of magic mapping {unknown}
Potions
 d - a potion of might
 e - a potion of berserk rage {unknown}
 f - a potion of flight {unknown}


   Skills:
 - Level 3.2 Fighting
 + Level 4.7 Maces & Flails
 - Level 3.6 Armour
 - Level 3.6 Shields


You had 2 spell levels left.
You didn't know any spells.
Your spell library was empty.

Dungeon Overview and Level Annotations

Branches:
Dungeon (2/15) Zot: 605

Altars:


Innate Abilities, Weirdness & Mutations

You passively map a small area around you.
You are easily found by Zot.
You glow in the dark.
You regain HP and MP as you explore.


Message History

The adder is moderately wounded.
The adder bites you but does no damage. The adder bites you.
You are poisoned.
The adder poisons you!
You hit the adder.
The adder is heavily wounded.
You feel sick. The adder bites you but does no damage.
The rat bites you but does no damage.
You closely miss the adder.
The adder is heavily wounded.
You feel sick. The adder bites you but does no damage.
You block the rat's attack. You block the adder's attack.
You miss the adder.
The adder is heavily wounded.
You feel sick. The adder bites you.
You are more poisoned.
The adder poisons you! The rat closely misses you. The adder bites you.
You sock the adder!
You kill the adder!
You feel sick. The rat bites you but does no damage. The rat bites you.
You barely miss the rat.
You feel sick. The rat bites you but does no damage.
You hit the rat but do no damage.
You feel sick. The rat bites you but does no damage.
You closely miss the rat.
You feel sick.
You are no longer poisoned.
The rat barely misses you.
You are too injured to fight recklessly!
You are too injured to fight recklessly!
You are too injured to fight recklessly!
You are too injured to fight recklessly!
You are too injured to fight recklessly!
You completely miss the rat. The rat bites you but does no damage.
You closely miss the rat. The rat bites you.
The rat bites you but does no damage.
You thump the rat!
You kill the rat!
You see here a rat corpse.
Sorry, you're not good enough to have a special ability.
l - a scroll labelled ANILABL DULUQ Are you sure you want to abandon this character and quit the game? (Confirm with "yes".)

* * * * * ,
, ..# *#.#
* # #.## ,
#.####..#
,*
.......###
, .......,
* , #...# *
* ###
##.###.@.#
* >,...
.........#
#.#
#######..##
#.#
.......†.#
#.#
#######.##
#.# ##.##
#<# #.#.#
#.# ##.##
#.# #.#


There were no monsters in sight!

Vanquished Creatures
  An adder (D:2)
  3 endoplasms (D:1)
  2 hobgoblins (D:1)
  4 jackals (D:1)
  A quokka (D:1)
  2 frilled lizards (D:1)
  2 kobolds (D:1)
  2 rats (D:2)
17 creatures vanquished.

Notes
Turn   | Place    | Note
-------+----------+-------------------------------------------
     0 | D:1      | lessens the Meteoran Fighter began the quest for the Orb.
     0 | D:1      | Reached XP level 1. HP: 19/19 MP: 2/2
    50 | D:1      | Reached skill level 3 in Maces & Flails
   133 | D:1      | Reached XP level 2. HP: 26/26 MP: 3/3
   451 | D:1      | Reached skill level 4 in Maces & Flails
   468 | D:1      | Reached XP level 3. HP: 23/31 MP: 4/4
   493 | D:1      | Glimpsed the power of Zot.
   584 | D:2      | Quit the game

Illustrated notes

Levels and vault maps discovered:
D:1:      dpeg_arrival_round_c, layout_loops_ring, palyth_stone_intersect,
          minmay_indecisive_spiral
D:2:      layout_loops_ring, minmay_joined_circles

Skill      XL: |  1  2 |
---------------+-------+-----
Maces & Flails | 3 4 |  4.7
Fighting       | |  3.2
Armour         | |  3.6
Shields        | |  3.6

Action                     || total
---------------------------++-------
  Melee: Flail             ||    45
 Armour: Scale mail        ||    33
  Dodge: Dodged            ||    19
  Block: Buckler           ||    12

Table legend: (Time is in decaauts)
 A = Elapsed time spent in this place.
 B = Non-inter-level travel time spent in this place.
 C = Inter-level travel time spent in this place.
 D = Time resting spent in this place.
 E = Time spent auto-exploring this place.
 F = Levels seen in this place.
 G = Mean time per level.
                   A        B        C        D        E       F      G
               +--------+--------+--------+--------+--------+-----+--------+
         Total |    594 |    577 |     17 |      0 |    458 |   2 |  297.0 |
       Dungeon |    594 |    577 |     17 |      0 |    458 |   2 |  297.0 |
               +--------+--------+--------+--------+--------+-----+--------+

Top non-repeatable levels by time:
     D:1: 518 daAuts
     D:2: 76 daAuts
